 Dungeon Sprint DCSS version 0.30-a0-305-g026cb31310 (webtiles) character file.

Game seed: 859051797024767644

45 rocky1 the Insei (level 3, -1/23 HPs)
             Began as an Octopode Transmuter on Oct 23, 2022.
             Killed from afar by a white imp (10 damage)
             ... with a puff of frost
             ... in the Dungeon (Sprint IX: "|||||||||||||||||||||||||||||").
             The game lasted 00:00:26 (152 turns).

rocky1 the Insei (Octopode Transmuter)               Turns: 152, Time: 00:00:26

Health: -1/23      AC:  1    Str: 11    XL:     3   Next: 64%
Magic:  2/7        EV: 13    Int: 15    God:
Gold:   0          SH:  0    Dex: 12    Spells: 7/8 levels left

rFire   . . .      SeeInvis .      - Unarmed
rCold   . . .      Faith    .    (no shield)
rNeg    . . .      Spirit   .    (helmet currently unavailable)
rPois   .          Reflect  .    (no amulet)
rElec   .          Harm     .    (no ring)
rCorr   .          Rampage  .    (no ring)
Will    .....      NoTele   +    (no ring)
Stlth   ++........               (no ring)
HPRegen 0.23/turn                (no ring)
MPRegen 0.10/turn                (no ring)
                                 (no ring)
                                 (no ring)

@: appendages (expiring)
A: tentacle spike 3, almost no armour, amphibious, 8 rings, camouflage 1,
gelatinous body 1, (nimble swimmer 1), tentacles
a: End Transformation


You were in the Dungeon.
One of your tentacles had grown a beastly spike.
You visited 1 branch

Inventory:

Scrolls
 g - a scroll of blinking
Potions
 a - a potion of lignification
 c - a potion of heal wounds
 d - a potion of haste
 e - 2 potions of magic
 f - a potion of berserk rage


   Skills:
 + Level 1.1 Fighting
 + Level 2.9 Dodging
 + Level 0.4 Stealth
 + Level 6.1 Unarmed Combat
 + Level 3.0 Spellcasting
 + Level 2.9 Transmutations


You had 7 spell levels left.
You knew the following spells:

 Your Spells              Type           Power      Damage    Failure   Level
a - Beastly Appendage     Tmut           22%        N/A       6%          1

Your spell library contained the following spells:

 Spells                   Type           Power      Damage    Failure   Level
 Wereblood                Tmut           11%        N/A       9%          2
 Spider Form              Tmut/Pois      6%         N/A       32%         3
 Ice Form                 Ice/Tmut       6%         N/A       71%         4


Dungeon Overview and Level Annotations

Branches:
Dungeon (1/1)

Altars:


Innate Abilities, Weirdness & Mutations

One of your tentacles has grown a beastly spike.
You cannot wear most types of armour.
You are amphibious.
You can wear up to eight rings at the same time.
Your skin changes colour to match your surroundings (Stealth+).
Your rubbery body absorbs attacks. (AC +1, EV +1)
((You are camouflaged when in or above water. (Stealth+)))
You have tentacles for arms and can constrict up to eight enemies at once.


Message History

You tentacle-slap the hound but do no damage.
Your grab misses the hound.
Your tentacle spike misses the hound.
You squeeze the hound, but do no damage.
The hound is lightly wounded.
The hound bites you.
You closely miss the hound. Your grab misses the hound.
Your tentacle spike misses the hound.
The hound is lightly wounded.
The hound completely misses you.
You tentacle-slap the hound. You grab the hound.
You pierce the hound, but do no damage.
You squeeze the hound.
The hound is moderately wounded.
You constrict the hound, but do no damage.
The hound misses you. The hound bites you.
You tentacle-slap the hound but do no damage.
The hound is moderately wounded.
Your transformation is almost over.
You constrict the hound, but do no damage.
The hound closely misses you.
You tentacle-slap the hound. You squeeze the hound.
You kill the hound!
Your Unarmed Combat skill increases to level 6!
Your Spellcasting skill increases to level 3!
You have reached level 3!
Your experience leads to an increase in your attributes!
Increase (S)trength, (I)ntelligence, or (D)exterity?
You feel stronger. x2
Unknown command.
You tentacle-slap the white imp. Your grab misses the white imp.
You pierce the white imp, but do no damage.
You squeeze the white imp.
The white imp is lightly wounded.
The white imp gestures at you. The puff of frost hits you!
You barely miss the white imp. Your grab misses the white imp.
Your tentacle-slap misses the white imp.
The white imp is lightly wounded.
The white imp gestures at you. The puff of frost hits you!
You die... ▓▓▓▓▓▓▓▓▓▓▓▓▓▓▓▓▓▓ ▓<...'†)..@5SS...+ ▓▓▓▓▓▓▓▓▓▓▓▓▓▓▓▓▓▓

You could see 2 adders and a white imp.

Vanquished Creatures
  A hound (D)
  An adder (D)
  A ball python (D)
  A goblin (D)
  A quokka (D)
  2 rats (D)
7 creatures vanquished.

Notes
Turn   | Place    | Note
-------+----------+-------------------------------------------
     0 | D        | rocky1 the Octopode Transmuter began the quest for the Orb.
     0 | D        | Reached XP level 1. HP: 13/13 MP: 3/3
    15 | D        | Reached skill level 4 in Unarmed Combat
   137 | D        | Noticed a hound
   144 | D        | Reached skill level 5 in Unarmed Combat
   144 | D        | Reached XP level 2. HP: 7/18 MP: 1/5
   151 | D        | Reached skill level 6 in Unarmed Combat
   151 | D        | Reached XP level 3. HP: 16/23 MP: 2/7
   152 | D        | Killed from afar by a white imp

Illustrated notes

Levels and vault maps discovered:
D:        linesprint [early_d, line_temple, items_1, d_10, items_2, lair_1,
          lair_end, items_3, orc_1, orc_end, items_4, d_15, swamp_1, shoals_1,
          snake_1, spider_1, d_20, vaults_1, items_5, swamp_end, shoals_end,
          snake_end, spider_end, vaults_end, d_27, items_6, zot_1, zot_end,
          crypt_end, forest_end, elf_end, slime_end, tomb_end, abyss_end,
          pan_hell_end]

Skill      XL: |  1  2 |
---------------+-------+-----
Unarmed Combat | 5 6 |  6.1
Spellcasting   | 3 |  3.0
Fighting       | |  1.1
Dodging        | |  2.9
Stealth        | |  0.4
Transmutations | |  2.9

Action                   || total
-------------------------++-------
Melee: Unarmed           ||    23
       Kick              ||     5
       Constrict         ||     4
       Tentacles         ||     6
 Cast: Beastly Appendage ||     2
  Use: Potion            ||     1
Dodge: Dodged            ||    16

Table legend: (Time is in decaauts)
 A = Elapsed time spent in this place.
 B = Non-inter-level travel time spent in this place.
 C = Inter-level travel time spent in this place.
 D = Time resting spent in this place.
 E = Time spent auto-exploring this place.
 F = Levels seen in this place.
 G = Mean time per level.
                   A        B        C        D        E       F      G
               +--------+--------+--------+--------+--------+-----+--------+
         Total |    150 |    150 |      0 |    115 |      0 |   1 |  150.0 |
       Dungeon |    150 |    150 |      0 |    115 |      0 |   1 |  150.0 |
               +--------+--------+--------+--------+--------+-----+--------+

Top non-repeatable levels by time:
       D: 150 daAuts
